 Dungeon Crawl Stone Soup version 0.17-a0-1545-gc1bb672 (webtiles) character file.

38 mrath the Insei (level 3, 0/26 HPs)
             Began as a Merfolk Transmuter on July 18, 2015.
             Slain by a hobgoblin
             ... wielding a +0 club
              (2 damage)
             ... on level 2 of the Dungeon.
             The game lasted 00:13:43 (1718 turns).

mrath the Insei (Merfolk Transmuter)                Turns: 1718, Time: 00:13:43

Health: 0/26       AC:  2    Str: 10    XL:     3   Next: 43%
Magic:  6/6        EV: 13    Int: 13    God:
Gold:   65         SH:  0    Dex: 14    Spells: 3 memorised, 0 levels left

rFire  . . .     SeeInvis .     f - +0 hand axe
rCold  . . .     Clarity  .     b - +0 robe
rNeg   . . .     SustAt   .     (no shield)
rPois  .         Gourm    .     (no helmet)
rElec  .         Spirit   .     (no cloak)
rCorr  .         Warding  .     (no gloves)
rMut   .         Stasis   .     (no boots)
MR     .....                    (no amulet)
Stlth  +.........               (no ring)
                                (no ring)

@: not resistant to hostile enchantments, very unstealthy
A: change form in water, swift swim
a: no special abilities


You were on level 2 of the Dungeon.
You were not hungry.

You visited 1 branch of the dungeon, and saw 2 of its levels.

You collected 65 gold pieces.

Inventory:

Hand weapons
 f - a +0 hand axe (weapon)
Missiles
 a - 25 arrows
 e - 33 stones (quivered)
 p - 19 sling bullets
Armour
 b - a +0 robe (worn)
Scrolls
 h - a scroll of fear {unknown}
 l - a scroll of identify {unknown}
 m - a scroll of amnesia {unknown}
 n - a scroll of remove curse {unknown}
 r - a scroll of teleportation {unknown}
 t - a scroll of blinking {unknown}
Potions
 i - a potion of lignification {unknown}
 k - 2 potions of agility {unknown}
 q - a potion of brilliance {unknown}
 u - a potion of poison {unknown}
Books
 c - a book of Changes

   Spells                             Type                      Level
   a - Beastly Appendage              Transmutation                1
   b - Sticks to Snakes               Transmutation                2
   c - Spider Form                    Transmutation/Poison         3
   d - Ice Form                       Ice/Transmutation            4
   e - Blade Hands                    Transmutation                5
Comestibles
 d - 3 bread rations
 g - a slice of pizza
 j - a chunk of flesh
 o - 4 meat rations


   Skills:
 + Level 1.4 Fighting
 + Level 3.3 Dodging
 - Level 0.2 Stealth
 * Level 3.6 Unarmed Combat
 * Level 2.3 Spellcasting
 + Level 3.2 Transmutations
 + Level 0.2 Poison Magic


You couldn't memorise any spells.
You knew the following spells:

 Your Spells              Type           Power        Failure   Level  Hunger
a - Beastly Appendage     Trmt           ##....       10%         1    #......
b - Spider Form           Trmt/Pois      #.........   38%         3    ###....
c - Sticks to Snakes      Trmt           ##........   12%         2    ###....


Dungeon Overview and Level Annotations

Branches:
Dungeon (2/15)

Altars:


Message History

The worm closely misses you.
You hit the worm.
The worm is severely wounded.
The worm bites you!
* * * LOW HITPOINT WARNING * * *
You slash the worm! You headbutt the worm.
You kill the worm!
Your horns disappear.
The hobgoblin barely misses you.
You closely miss the hobgoblin. The hobgoblin misses you.
You hit the hobgoblin but do no damage.
The hobgoblin hits you but does no damage.
You hit the hobgoblin.
The hobgoblin is severely wounded.
The hobgoblin hits you with a club.
* * * LOW HITPOINT WARNING * * *
You completely miss the hobgoblin.
The hobgoblin is severely wounded.
The hobgoblin hits you with a club.
You die...

#....# .....
#....# .... #.
#...<# ... ##.((
#....# g. #((.#
#<##.## .##(.# #.
#..## ##((.# ..
##..##### ##..# ..
##.....#######..##
#.
#####....#.@g.##
## ##.....####
#....## #....#
#....# #)..##
#...# #...# #...#


You could see a hobgoblin.

Vanquished Creatures
  3 worms
  3 hobgoblins
  4 jackals (D:1)
  2 ball pythons (D:1)
  5 bats
  3 giant newts (D:1)
  7 goblins
  3 kobolds
  2 rats
32 creatures vanquished.

Notes
Turn   | Place    | Note
--------------------------------------------------------------
     0 | D:1      | mrath the Merfolk Transmuter began the quest for the Orb.
     0 | D:1      | Reached XP level 1. HP: 15/15 MP: 3/3
   436 | D:1      | Reached XP level 2. HP: 18/21 MP: 3/5
  1114 | D:1      | Reached XP level 3. HP: 12/26 MP: 6/6
  1284 | D:1      | Learned a level 3 spell: Spider Form
  1493 | D:1      | Learned a level 2 spell: Sticks to Snakes
  1718 | D:2      | Slain by a hobgoblin

Vault maps used:
D:1:      kilobyte_arrival_exit_the_forest
D:2:      hangedman_abyss_or_decor_lesser_grid

Action                   || total
-------------------------++-------
Melee: Unarmed           ||    67
       Hand axe          ||    45
Throw: Javelin           ||     8
 Cast: Beastly Appendage ||    18
  Eat: Chunk             ||     3
